[Event "IIFL Wealth  4th Mumbai Junior U-13"]
[Site "Mumbai"]
[Date "2019.01.02"]
[Round "4"]
[White "Agarwal Mukund H"]
[Black "Shreyas Ghadi"]
[Result "1/2-1/2"]
[ECO "C02"]
[WhiteElo "1375"]
[BlackElo "1653"]
[Annotator "NA"]
[PlyCount "103"]
[EventDate "2018.12.30"]
[EventType "swiss"]
[EventCountry "IND"]
[SourceTitle "playchess.com"]
[Source "ChessBase"]
[SourceQuality "1"]
[TimeControl "40/5400+30:1800+30"]

1. e4 e6 2. d4 d5 3. e5 c5 4. c3 Nc6 5. Be3 Nge7 6. Nf3 cxd4 7. cxd4 Qb6 8. Qd2 Nf5 9. Be2 Bd7 10. Nc3 Na5 11. O-O Rc8 12. Rac1 Nc4 13. Bxc4 Rxc4 14. a3 Be7 15. Ne2 Rxc1 16. Rxc1 h6 17. Ng3 Nxg3 18. hxg3 Bc6 19. Ne1 O-O 20. Nd3 Qd8 21. Ne1 f5 22. Nd3 g5 23. f4 g4 24. Kf2 Kg7 25. Rh1 Rh8 26. Nb4 Bb5 27. Rc1 Bc4 28. Qc3 a5 29. Nd3 b6 30. b3 Ba6 31. a4 Qd7 32. Qc7 Qxc7 33. Rxc7 Kf7 34. Ne1 Rb8 35. Bc1 Ke8 36. Bd2 Kd8 37. Rc1 Kd7 38. Nc2 Rc8 39. Ke1 h5 40. Kd1 h4 41. gxh4 Bxh4 42. b4 axb4 43. Bxb4 Bg3 44. Bd2 Rh8 45. Ne3 Bxf4 46. Nxd5 Rh1+ 47. Kc2 Rxc1+ 48. Bxc1 Bxc1 49. Nf6+ Kc6 50. Kxc1 b5 51. axb5+ Kxb5 52. Kd2 1/2-1/2

[Event "IIFL Wealth  4th Mumbai Junior U-13"]
[Site "Mumbai"]
[Date "2019.01.02"]
[Round "4"]
[White "Adreeja Sinha"]
[Black "Makwana Devam"]
[Result "1-0"]
[ECO "B56"]
[WhiteElo "1366"]
[BlackElo "1617"]
[Annotator "NA"]
[PlyCount "67"]
[EventDate "2018.12.30"]
[EventType "swiss"]
[EventCountry "IND"]
[SourceTitle "playchess.com"]
[Source "ChessBase"]
[SourceQuality "1"]
[TimeControl "40/5400+30:1800+30"]

1. e4 c5 2. Nf3 d6 3. d4 cxd4 4. Nxd4 Nf6 5. Nc3 Nc6 6. f3 e6 7. Be3 Be7 8. Be2 a6 9. O-O Qc7 10. f4 O-O 11. Kh1 Bd7 12. Qe1 b5 13. a3 Rac8 14. f5 Ne5 15. Qg3 Kh8 16. fxe6 fxe6 17. Rf4 Nc4 18. Bxc4 e5 19. Rxf6 Bxf6 20. Ne6 Qxc4 21. Nxf8 Rxf8 22. Rd1 b4 23. axb4 Qxb4 24. Bc1 Bc6 25. Qd3 Be7 26. h3 h6 27. Re1 Bb5 28. Qg3 a5 29. Nd5 Qc4 30. Nxe7 Rf1+ 31. Kh2 Rxe1 32. Qxe1 Qxc2 33. Qxa5 Qxc1 34. Qd8+ 1-0

[Event "IIFL Wealth  4th Mumbai Junior U-13"]
[Site "Mumbai"]
[Date "2019.01.02"]
[Round "4"]
[White "Shreyas Seshadri Nallore"]
[Black "Kadam Rishi R"]
[Result "0-1"]
[ECO "C44"]
[WhiteElo "1343"]
[BlackElo "1604"]
[Annotator "NA RC"]
[PlyCount "100"]
[EventDate "2018.12.30"]
[EventType "swiss"]
[EventCountry "IND"]
[SourceTitle "playchess.com"]
[Source "ChessBase"]
[SourceQuality "1"]
[TimeControl "40/5400+30:1800+30"]

1. e4 e5 2. Nf3 Nc6 3. d4 exd4 4. Nxd4 Nf6 5. Nc3 Bb4 6. Nxc6 bxc6 7. Bd3 O-O 8. O-O d5 9. exd5 cxd5 10. Bg5 c6 11. Qf3 Be7 12. Rfe1 h6 13. Bh4 Re8 14. h3 Be6 15. Ne2 Nd7 16. Bxe7 Qxe7 17. Ng3 Qd6 18. Nf5 Bxf5 19. Qxf5 Nf6 20. c3 Rab8 21. b3 Re6 22. Re2 Rbe8 23. Rae1 c5 24. Bb5 R8e7 25. Bd3 Qc6 26. Re5 Qe8 27. f4 Qd7 28. c4 g6 29. Qxf6 Rxf6 30. Rxe7 Qd6 31. g3 g5 32. cxd5 gxf4 33. Re8+ Kg7 34. R8e5 c4 35. Bxc4 Qc5+ 36. Kg2 fxg3 37. R1e3 Rg6 38. Rxg3 Rxg3+ 39. Kxg3 Qd6 40. Kf4 Kf6 41. Ke3 Kxe5 42. Kd3 f5 43. Ke3 f4+ 44. Kf3 Qg6 45. Bf1 Qg3+ 46. Ke2 f3+ 47. Ke3 Qe1+ 48. Kxf3 Qxf1+ 49. Kg4 Qg2+ 50. Kh4 Qg5# 0-1

[Event "IIFL Wealth  4th Mumbai Junior U-13"]
[Site "Mumbai"]
[Date "2019.01.02"]
[Round "4"]
[White "Tikam Aradhya"]
[Black "Arushi Srichandan"]
[Result "1-0"]
[ECO "C53"]
[WhiteElo "1332"]
[BlackElo "1100"]
[Annotator "NA"]
[PlyCount "85"]
[EventDate "2018.12.30"]
[EventType "swiss"]
[EventCountry "IND"]
[SourceTitle "playchess.com"]
[Source "ChessBase"]
[SourceQuality "1"]
[TimeControl "40/5400+30:1800+30"]

1. Nf3 e5 2. e4 Nc6 3. Bc4 Bc5 4. c3 Qe7 5. O-O Nf6 6. d4 Bb6 7. Re1 O-O 8. Bg5 h6 9. Bh4 d6 10. d5 Nb8 11. a4 a6 12. Na3 Bg4 13. Nc2 Nbd7 14. Ne3 Bxe3 15. Rxe3 g5 16. Bg3 Kh7 17. Be2 Rg8 18. h3 Bh5 19. Nh2 Bxe2 20. Qxe2 h5 21. f3 Rg6 22. Nf1 Rag8 23. Kf2 h4 24. Bh2 Nh5 25. g3 hxg3+ 26. Nxg3 Nxg3 27. Bxg3 Rh6 28. Rh1 Nf6 29. Ke1 g4 30. h4 gxf3 31. Rxf3 Qd7 32. Rhf1 Qe7 33. Qf2 Kg7 34. h5 Kh7 35. Bh4 Nxe4 36. Rxf7+ Rg7 37. Qf5+ Kg8 38. Bxe7 Nf6 39. Rxg7+ Kxg7 40. Bxf6+ Kg8 41. Qg5+ Kf8 42. Qg7+ Ke8 43. Qe7# 1-0

[Event "IIFL Wealth  4th Mumbai Junior U-13"]
[Site "Mumbai"]
[Date "2019.01.02"]
[Round "4"]
[White "Jain, Kushagra"]
[Black "Adireddy Tarun"]
[Result "0-1"]
[ECO "A01"]
[WhiteElo "1323"]
[BlackElo "1553"]
[Annotator "NA"]
[PlyCount "64"]
[EventDate "2018.12.30"]
[EventType "swiss"]
[EventCountry "IND"]
[SourceTitle "playchess.com"]
[Source "ChessBase"]
[SourceQuality "1"]
[TimeControl "40/5400+30:1800+30"]

1. b3 d5 2. Bb2 Bg4 3. g3 c5 4. Bg2 Nc6 5. Nf3 Nf6 6. O-O e6 7. d3 Bd6 8. Nbd2 e5 9. e4 d4 10. h3 Be6 11. Ne1 Qd7 12. Kh2 g5 13. Qe2 h5 14. c3 b5 15. cxd4 cxd4 16. Nc2 Ke7 17. Rac1 Rag8 18. Na3 a6 19. Rfd1 Bb8 20. Nab1 Ke8 21. Ba3 b4 22. Bb2 Ne7 23. Nc4 Bc7 24. a3 Ng6 25. Rc2 h4 26. g4 Nf4 27. Qf1 Bxg4 28. hxg4 Qxg4 29. Ne3 h3 30. Bh1 Qg2+ 31. Bxg2 hxg2+ 32. Kg3 Rh3# 0-1

[Event "IIFL Wealth  4th Mumbai Junior U-13"]
[Site "Mumbai"]
[Date "2019.01.02"]
[Round "4"]
[White "Mitank Maru"]
[Black "Bajaj Prakhar"]
[Result "0-1"]
[ECO "A35"]
[WhiteElo "1312"]
[BlackElo "1551"]
[Annotator "NA"]
[PlyCount "120"]
[EventDate "2018.12.30"]
[EventType "swiss"]
[EventCountry "IND"]
[SourceTitle "playchess.com"]
[Source "ChessBase"]
[SourceQuality "1"]
[TimeControl "40/5400+30:1800+30"]

1. c4 c5 2. Nc3 Nc6 3. e3 Nf6 4. d4 cxd4 5. exd4 d5 6. Nf3 e6 7. Bg5 Be7 8. Be2 O-O 9. O-O b6 10. Rc1 Bb7 11. Ne5 dxc4 12. Nxc6 Bxc6 13. Bxc4 h6 14. Bf4 Nd5 15. Nxd5 Bxd5 16. Ba6 Bd6 17. Qg4 Bxf4 18. Qxf4 Bxa2 19. Bb7 Rb8 20. Rc7 Bc4 21. Rc1 b5 22. Bc6 a5 23. Rd7 Qg5 24. Qxg5 hxg5 25. Rc3 a4 26. f3 Rfc8 27. Be4 Rd8 28. Rxd8+ Rxd8 29. Bc2 Rxd4 30. Kf2 b4 31. Rxc4 Rxc4 32. Bxa4 b3 33. Bxb3 Rb4 34. Bd1 Rxb2+ 35. Kg3 f5 36. h3 Kf7 37. Ba4 Kf6 38. Bc6 e5 39. Bd5 Re2 40. Bc4 Rd2 41. Bf1 f4+ 42. Kh2 Kf5 43. Kg1 e4 44. fxe4+ Kxe4 45. Ba6 Ke3 46. Bb7 Rd1+ 47. Kh2 Kf2 48. Bf3 Rd3 49. Be4 Rg3 50. Bc6 g4 51. hxg4 Rxg4 52. Kh3 Rg3+ 53. Kh2 Rg6 54. Bd7 Rh6+ 55. Bh3 g5 56. Kh1 g4 57. Kh2 g3+ 58. Kh1 Rxh3+ 59. gxh3 g2+ 60. Kh2 g1=Q# 0-1

[Event "IIFL Wealth  4th Mumbai Junior U-13"]
[Site "Mumbai"]
[Date "2019.01.02"]
[Round "4"]
[White "Wahba, David George"]
[Black "Mahi Amit Doshi"]
[Result "0-1"]
[ECO "B13"]
[WhiteElo "1295"]
[BlackElo "1551"]
[Annotator "NA"]
[PlyCount "66"]
[EventDate "2018.12.30"]
[EventType "swiss"]
[EventCountry "IND"]
[SourceTitle "playchess.com"]
[Source "ChessBase"]
[SourceQuality "1"]
[TimeControl "40/5400+30:1800+30"]

1. e4 c6 2. d4 d5 3. exd5 cxd5 4. c4 Nf6 5. Nf3 Nc6 6. Nc3 Bg4 7. Be3 e6 8. h3 Bh5 9. Bd3 Be7 10. O-O O-O 11. cxd5 Nxd5 12. Be2 Bxf3 13. Bxf3 Nxe3 14. fxe3 Rc8 15. Rc1 Qb6 16. Qb3 Qxb3 17. axb3 Na5 18. Ne2 b6 19. Rxc8 Rxc8 20. Be4 Nxb3 21. Bd3 g6 22. Nc3 Bg5 23. Rf3 Nd2 24. Rg3 Bh4 25. Rg4 g5 26. Ne4 Rc1+ 27. Kh2 f5 28. Nxd2 fxg4 29. g3 Rd1 30. Ne4 Rxd3 31. gxh4 g3+ 32. Nxg3 gxh4 33. Nf1 Rd2+ 0-1

[Event "IIFL Wealth  4th Mumbai Junior U-13"]
[Site "Mumbai"]
[Date "2019.01.02"]
[Round "4"]
[White "Srivatsan Karthikeyan"]
[Black "Jain Adi"]
[Result "0-1"]
[ECO "C59"]
[WhiteElo "1288"]
[BlackElo "1545"]
[Annotator "NA"]
[PlyCount "52"]
[EventDate "2018.12.30"]
[EventType "swiss"]
[EventCountry "IND"]
[SourceTitle "playchess.com"]
[Source "ChessBase"]
[SourceQuality "1"]
[TimeControl "40/5400+30:1800+30"]

1. e4 e5 2. Nf3 Nc6 3. Bc4 Nf6 4. Ng5 d5 5. exd5 Na5 6. Bb5+ c6 7. dxc6 bxc6 8. Be2 h6 9. Nf3 e4 10. Ne5 Bd6 11. d4 exd3 12. Nxd3 Qc7 13. h3 c5 14. Bd2 Rb8 15. c4 O-O 16. Qa4 Nc6 17. O-O Nd4 18. Qd1 Re8 19. Be3 Nf5 20. Bd2 Ne4 21. Nc3 Bh2+ 22. Kh1 Nxf2+ 23. Rxf2 Ng3+ 24. Kxh2 Nf1+ 25. Kg1 Qh2+ 26. Kxf1 Qh1# 0-1

[Event "IIFL Wealth  4th Mumbai Junior U-13"]
[Site "Mumbai"]
[Date "2019.01.02"]
[Round "4"]
[White "Tawade Arnav"]
[Black "Abhinav Dubey"]
[Result "1/2-1/2"]
[ECO "D34"]
[WhiteElo "1285"]
[BlackElo "1497"]
[Annotator "NA RC"]
[PlyCount "33"]
[EventDate "2018.12.30"]
[EventType "swiss"]
[EventCountry "IND"]
[SourceTitle "playchess.com"]
[Source "ChessBase"]
[SourceQuality "1"]
[TimeControl "40/5400+30:1800+30"]

1. d4 d5 2. c4 e6 3. Nc3 c5 4. cxd5 exd5 5. g3 Nc6 6. Bg2 Nf6 7. Nf3 Be7 8. O-O O-O 9. dxc5 Bxc5 10. Na4 Be7 11. Be3 Bf5 12. Rc1 Ne4 13. Nc5 Bxc5 14. Bxc5 Re8 15. Re1 Rc8 16. Bh3 Bg6 17. Qa4 1/2-1/2

[Event "IIFL Wealth  4th Mumbai Junior U-13"]
[Site "Mumbai"]
[Date "2019.01.02"]
[Round "4"]
[White "Keshav Padmanabhan"]
[Black "Sureka Akshat"]
[Result "1/2-1/2"]
[ECO "B23"]
[WhiteElo "1272"]
[BlackElo "1078"]
[Annotator "NA RC"]
[PlyCount "109"]
[EventDate "2018.12.30"]
[EventType "swiss"]
[EventCountry "IND"]
[SourceTitle "playchess.com"]
[Source "ChessBase"]
[SourceQuality "1"]
[TimeControl "40/5400+30:1800+30"]

1. e4 c5 2. Nc3 d6 3. g3 Nf6 4. Bg2 a6 5. d3 e6 6. Be3 Be7 7. f4 Nbd7 8. h3 O-O 9. Nf3 b5 10. O-O Bb7 11. Kh2 Re8 12. Qd2 Bf8 13. a3 g6 14. Rae1 Bg7 15. f5 exf5 16. exf5 d5 17. fxg6 d4 18. gxf7+ Kxf7 19. Ng5+ Kg8 20. Bxb7 dxe3 21. Rxe3 Ra7 22. Rxe8+ Qxe8 23. Bg2 h6 24. Nge4 Qe5 25. Nxf6+ Nxf6 26. Qf4 Qxf4 27. Rxf4 Rd7 28. Rf5 c4 29. dxc4 bxc4 30. Rc5 Rd2 31. Rxc4 Rxc2 32. Rb4 Nd7 33. Rb3 Nc5 34. Rb8+ Kh7 35. Rc8 Nd3 36. Re8 Ne5 37. g4 Rxb2 38. Nd5 Ng6 39. Nb4 Nh4 40. Kg3 Nxg2 41. Nxa6 Bf6 42. Rc8 Bh4+ 43. Kf3 Ne1+ 44. Ke4 Rb3 45. Rc7+ Kg8 46. Rc8+ Kf7 47. Rc7+ Ke8 48. Rc8+ Ke7 49. Rc7+ Kd8 50. Rh7 Be7 51. Nb4 Bxb4 52. axb4 Rxb4+ 53. Kf5 Rb5+ 54. Kg6 Rb6+ 55. Kg7 1/2-1/2

[Event "IIFL Wealth  4th Mumbai Junior U-13"]
[Site "Mumbai"]
[Date "2019.01.02"]
[Round "4"]
[White "Sushanth Kamabathula"]
[Black "Shrey Nilkant"]
[Result "1-0"]
[ECO "C55"]
[WhiteElo "1267"]
[BlackElo "1466"]
[Annotator "NA RC"]
[PlyCount "83"]
[EventDate "2018.12.30"]
[EventType "swiss"]
[EventCountry "IND"]
[SourceTitle "playchess.com"]
[Source "ChessBase"]
[SourceQuality "1"]
[TimeControl "40/5400+30:1800+30"]

1. e4 e5 2. Nf3 Nc6 3. Bc4 Nf6 4. d3 Be7 5. O-O O-O 6. c3 d6 7. a4 Na5 8. Ba2 c5 9. Na3 Nc6 10. Re1 Re8 11. Nc2 h6 12. Ne3 Bf8 13. Bd2 Be6 14. Nd5 Bxd5 15. Bxd5 Nxd5 16. exd5 Ne7 17. c4 g5 18. h3 f5 19. Nh2 Ng6 20. g3 Bg7 21. Qc2 Qd7 22. Bc3 Qf7 23. Rab1 f4 24. b4 Qf5 25. g4 Qf7 26. Nf3 h5 27. Nxg5 Qf6 28. Nf3 Nh4 29. Qe2 Kf7 30. bxc5 Nxf3+ 31. Qxf3 hxg4 32. Rxb7+ Re7 33. Rxe7+ Qxe7 34. hxg4 dxc5 35. d6 Qe8 36. Qd5+ Kg6 37. Bxe5 Qc8 38. Qe4+ Kf7 39. Qxf4+ Kg8 40. Bxg7 Kxg7 41. Re7+ Kh8 42. Qf6+ 1-0

[Event "IIFL Wealth  4th Mumbai Junior U-13"]
[Site "Mumbai"]
[Date "2019.01.02"]
[Round "4"]
[White "Rout Yashita"]
[Black "Nanal Arnav"]
[Result "0-1"]
[ECO "B92"]
[WhiteElo "1264"]
[BlackElo "1456"]
[Annotator "NA RC"]
[PlyCount "112"]
[EventDate "2018.12.30"]
[EventType "swiss"]
[EventCountry "IND"]
[SourceTitle "playchess.com"]
[Source "ChessBase"]
[SourceQuality "1"]
[TimeControl "40/5400+30:1800+30"]

1. e4 c5 2. Nf3 d6 3. d4 cxd4 4. Nxd4 Nf6 5. Nc3 a6 6. Be2 e5 7. Nb3 Be6 8. O-O Be7 9. Qd3 Nbd7 10. Bd2 O-O 11. Nd5 Bxd5 12. exd5 b5 13. Bf3 Re8 14. Rfe1 Qc7 15. Rad1 Rac8 16. c3 h6 17. Bc1 Bf8 18. Be4 Nxe4 19. Qxe4 Nf6 20. Qd3 Qc4 21. f3 a5 22. Qxc4 bxc4 23. Nd2 Rc5 24. Ne4 Nxe4 25. fxe4 Be7 26. Rf1 Bg5 27. Bxg5 hxg5 28. Rd2 Rb8 29. Rff2 a4 30. a3 f6 31. g4 Kf7 32. Kg2 Rh8 33. Kg3 Rb5 34. h3 Rbb8 35. Rf1 Rh4 36. Rh2 Rf8 37. Rg2 Ke7 38. Rgf2 Rh7 39. Rf3 g6 40. R3f2 Rhf7 41. Rf3 f5 42. gxf5 gxf5 43. exf5 Kf6 44. Re3 Rh7 45. Re4 Rfh8 46. Rh1 Rh4 47. Rxh4 Rxh4 48. Rf1 Rf4 49. Rxf4 exf4+ 50. Kg4 Ke5 51. h4 gxh4 52. Kxh4 Kxf5 53. Kh3 Ke4 54. Kg2 Ke3 55. Kf1 f3 56. Ke1 f2+ 0-1

[Event "IIFL Wealth  4th Mumbai Junior U-13"]
[Site "Mumbai"]
[Date "2019.01.02"]
[Round "4"]
[White "Haldankar Dhruv"]
[Black "Sairaj Dilip Vernekar"]
[Result "0-1"]
[ECO "B41"]
[WhiteElo "1245"]
[BlackElo "1445"]
[Annotator "NA"]
[PlyCount "88"]
[EventDate "2018.12.30"]
[EventType "swiss"]
[EventCountry "IND"]
[SourceTitle "playchess.com"]
[Source "ChessBase"]
[SourceQuality "1"]
[TimeControl "40/5400+30:1800+30"]

1. e4 c5 2. Nf3 e6 3. d4 cxd4 4. Nxd4 a6 5. a3 b5 6. Nc3 Bb7 7. b4 Qc7 8. Bb2 Nf6 9. Bd3 Be7 10. O-O O-O 11. Kh1 d6 12. f4 Nbd7 13. g4 d5 14. e5 Ne4 15. Qe1 Nxc3 16. Qxc3 Qxc3 17. Bxc3 g5 18. f5 Nxe5 19. fxe6 fxe6 20. Nxe6 Rxf1+ 21. Rxf1 d4+ 22. Kg1 dxc3 23. Bf5 Nc4 24. Bxh7+ Kxh7 25. Rf7+ Kg6 26. Rxe7 Kf6 27. Rxb7 Kxe6 28. Rc7 a5 29. Rc5 Nxa3 30. bxa5 b4 31. Rc6+ Kd5 32. Rg6 Nxc2 33. Rxg5+ Kc4 34. Rg7 b3 35. Rc7+ Kb4 36. Rb7+ Ka3 37. g5 b2 38. h4 Nb4 39. Rxb4 Kxb4 40. g6 b1=Q+ 41. Kg2 Qxg6+ 42. Kf1 Qc2 43. h5 Rxa5 44. h6 Ra1# 0-1

[Event "IIFL Wealth  4th Mumbai Junior U-13"]
[Site "Mumbai"]
[Date "2019.01.02"]
[Round "4"]
[White "Parab Ram Vishal"]
[Black "Sarvade Mihiir"]
[Result "1-0"]
[ECO "B50"]
[WhiteElo "1242"]
[BlackElo "1563"]
[Annotator "NA"]
[PlyCount "51"]
[EventDate "2018.12.30"]
[EventType "swiss"]
[EventCountry "IND"]
[SourceTitle "playchess.com"]
[Source "ChessBase"]
[SourceQuality "1"]
[TimeControl "40/5400+30:1800+30"]

1. e4 c5 2. Nf3 d6 3. Bc4 Nc6 4. O-O g6 5. Nc3 Bg7 6. d3 Nf6 7. Be3 O-O 8. d4 Ng4 9. dxc5 Nxe3 10. fxe3 Na5 11. Be2 dxc5 12. Qe1 e6 13. Rd1 Qe7 14. e5 Nc6 15. Qg3 Nb4 16. Rd2 Bh6 17. Qf2 Rd8 18. Rfd1 Rxd2 19. Rxd2 Qc7 20. a3 Nc6 21. Ne4 Ne7 22. Nfg5 Bxg5 23. Nxg5 Nc6 24. Qf6 h6 25. Bb5 Qe7 26. Rd8+ 1-0

[Event "IIFL Wealth  4th Mumbai Junior U-13"]
[Site "Mumbai"]
[Date "2019.01.02"]
[Round "4"]
[White "Shah Vrisha Parag"]
[Black "Athalye Varad"]
[Result "0-1"]
[ECO "B41"]
[WhiteElo "1240"]
[BlackElo "1442"]
[Annotator "NA"]
[PlyCount "110"]
[EventDate "2018.12.30"]
[EventType "swiss"]
[EventCountry "IND"]
[SourceTitle "playchess.com"]
[Source "ChessBase"]
[SourceQuality "1"]
[TimeControl "40/5400+30:1800+30"]

1. e4 c5 2. Nf3 e6 3. d4 cxd4 4. Nxd4 a6 5. c4 Nf6 6. Bd3 Qc7 7. Nc3 Nc6 8. Nxc6 bxc6 9. Be3 Bb7 10. f3 Be7 11. Qd2 O-O 12. Bf4 e5 13. Bg5 Rad8 14. Bxf6 Bxf6 15. h4 Kh8 16. g4 d5 17. cxd5 cxd5 18. g5 Be7 19. Rc1 Qd7 20. exd5 Bxd5 21. Bxa6 Bxf3 22. Qxd7 Rxd7 23. Rf1 e4 24. Be2 h6 25. Bxf3 exf3 26. Rxf3 hxg5 27. hxg5 Bxg5 28. Rc2 Re8+ 29. Kf1 Kg8 30. Rf5 Bf6 31. Nd5 Bh4 32. Re2 Rxe2 33. Kxe2 g6 34. Nf6+ Bxf6 35. Rxf6 Rc7 36. Rd6 g5 37. Kd2 Kg7 38. a4 g4 39. Rd4 f5 40. b4 Kg6 41. a5 g3 42. Ke2 Kg5 43. Kf3 Rc3+ 44. Kg2 f4 45. Rd8 Rb3 46. Rg8+ Kf5 47. Rf8+ Ke5 48. Re8+ Kd6 49. Re4 Rb2+ 50. Kf1 f3 51. Rd4+ Ke5 52. Rd1 Kf4 53. a6 g2+ 54. Kg1 Kg3 55. a7 f2# {[%emt 0:00:05] Rd8} 0-1

[Event "IIFL Wealth  4th Mumbai Junior U-13"]
[Site "Mumbai"]
[Date "2019.01.02"]
[Round "4"]
[White "Ananya Parikh"]
[Black "Singh, Arjun Kumar"]
[Result "0-1"]
[ECO "B41"]
[WhiteElo "1235"]
[BlackElo "1461"]
[Annotator "NA RC"]
[PlyCount "116"]
[EventDate "2018.12.30"]
[EventType "swiss"]
[EventCountry "IND"]
[SourceTitle "playchess.com"]
[Source "ChessBase"]
[SourceQuality "1"]
[TimeControl "40/5400+30:1800+30"]

1. e4 c5 2. Ne2 e6 3. d4 cxd4 4. Nxd4 a6 5. c4 Qc7 6. a3 Nf6 7. Nc3 b6 8. Be3 Bb7 9. Bd3 Be7 10. O-O d6 11. f4 Nbd7 12. b4 O-O 13. Rc1 Rac8 14. Qf3 Nb8 15. f5 Nc6 16. Nxc6 Qxc6 17. Qg3 Ne8 18. Qh3 exf5 19. Rxf5 g6 20. Rf3 Qc7 21. Nd5 Qd8 22. Bxb6 Nc7 23. Nxc7 Rxc7 24. Bxc7 Qxc7 25. Qh6 Bc8 26. Rcf1 Qd8 27. Qe3 Bg5 28. Qf2 Qe7 29. h3 Bb7 30. Re1 Re8 31. g3 f5 32. h4 Bh6 33. Bc2 fxe4 34. Rb3 e3 35. Qe2 Qe5 36. Kh2 Rf8 37. Rxe3 Qxe3 38. Qxe3 Bxe3 39. Rxe3 Rf2+ 40. Kg1 Rxc2 41. Re8+ Kf7 42. Rb8 Be4 43. Rb6 Ke6 44. c5 Rd2 45. Rxa6 Ke5 46. c6 Rc2 47. b5 d5 48. b6 Rxc6 49. b7 Rc1+ 50. Kf2 Rb1 51. Ra7 Rb2+ 52. Ke1 d4 53. a4 d3 54. Ra5+ Kd4 55. Rb5 d2+ 56. Kf2 Rxb5 57. axb5 Bxb7 58. Ke2 Kc3 0-1

[Event "IIFL Wealth  4th Mumbai Junior U-13"]
[Site "Mumbai"]
[Date "2019.01.02"]
[Round "4"]
[White "Prakhar Chaturvedi"]
[Black "Swara Lakshmi S Nair"]
[Result "1/2-1/2"]
[ECO "B23"]
[WhiteElo "1235"]
[BlackElo "1415"]
[Annotator "NA RC"]
[PlyCount "107"]
[EventDate "2018.12.30"]
[EventType "swiss"]
[EventCountry "IND"]
[SourceTitle "playchess.com"]
[Source "ChessBase"]
[SourceQuality "1"]
[TimeControl "40/5400+30:1800+30"]

1. e4 c5 2. Nc3 Nc6 3. f4 e6 4. Nf3 Nge7 5. Bb5 Nd4 6. d3 g6 7. Be3 Bg7 8. e5 Qb6 9. a4 Nef5 10. Bf2 a6 11. a5 Qc7 12. Bc4 O-O 13. Nxd4 cxd4 14. Ne2 d6 15. Nxd4 dxe5 16. Nxf5 exf5 17. fxe5 Qxe5+ 18. Qe2 Qxe2+ 19. Kxe2 Re8+ 20. Kd1 Be6 21. Bxe6 Rxe6 22. c3 Rae8 23. Re1 h5 24. d4 Rd8 25. Rxe6 fxe6 26. Kc2 e5 27. Rd1 exd4 28. Bxd4 Bxd4 29. Rxd4 Rxd4 30. cxd4 Kf7 31. Kd3 Ke6 32. g3 g5 33. Ke3 Kd5 34. h4 g4 35. Kf4 Kxd4 36. Kxf5 Kd3 37. Kg5 Ke3 38. Kxh5 Kf3 39. Kg5 Kxg3 40. h5 Kf3 41. h6 g3 42. h7 g2 43. h8=Q g1=Q+ 44. Kf5 Qc1 45. Kg6 Qc2+ 46. Kg5 Qd2+ 47. Kg6 Qd3+ 48. Kg5 Qe3+ 49. Kg6 Qe4+ 50. Kf7 Qd5+ 51. Ke7 Qc5+ 52. Ke6 Qxa5 53. Qh1+ Ke3 54. Qc6 {[%emt 0:00:51] Kf3 [%clk 0:29:09] Qxf3 [%clk 1:02:22]} 1/2-1/2

[Event "IIFL Wealth  4th Mumbai Junior U-13"]
[Site "Mumbai"]
[Date "2019.01.02"]
[Round "4"]
[White "Bhagyashree G Patil"]
[Black "Shah Hiya"]
[Result "1-0"]
[ECO "C45"]
[WhiteElo "1215"]
[BlackElo "1039"]
[Annotator "NA RC"]
[PlyCount "121"]
[EventDate "2018.12.30"]
[EventType "swiss"]
[EventCountry "IND"]
[SourceTitle "playchess.com"]
[Source "ChessBase"]
[SourceQuality "1"]
[TimeControl "40/5400+30:1800+30"]

1. e4 e5 2. Nf3 Nc6 3. d4 exd4 4. Nxd4 Bc5 5. Nxc6 Qf6 6. Qd2 dxc6 7. Bd3 Ne7 8. O-O Ng6 9. a3 O-O 10. Nc3 Ne5 11. h3 Nxd3 12. Qxd3 Be6 13. Be3 Rad8 14. Qe2 Bd6 15. f4 Qe7 16. b4 Qe8 17. e5 Be7 18. f5 Bd7 19. f6 gxf6 20. Bh6 Kh8 21. Bxf8 Qxf8 22. exf6 Bd6 23. Kh1 Re8 24. Qd3 Qg8 25. Ne4 Be5 26. Rae1 Be6 27. Nc5 Bd5 28. Ne4 Qg6 29. c4 Rg8 30. Rf2 Bg3 31. Qxg3 Bxe4 32. Qxg6 Bxg6 33. Re7 Rf8 34. Rxc7 Bd3 35. c5 Ba6 36. a4 h6 37. Rb2 Bc4 38. Rxb7 a6 39. Rd2 Bd5 40. Ra7 Bc4 41. Rd4 Bd5 42. Rxa6 Rg8 43. Rd2 Rg6 44. Rb6 Rg5 45. a5 Rg8 46. a6 Ra8 47. Rd1 Bc4 48. Ra1 Bb5 49. a7 Kh7 50. Rb8 Rxa7 51. Rxa7 Kg6 52. Rxb5 cxb5 53. c6 Kxf6 54. c7 Kg7 55. c8=Q Kf6 56. Qc5 Kg6 57. Ra6+ Kg7 58. Qe5+ Kh7 59. Qf6 Kg8 60. Ra8+ Kh7 61. Rh8# 1-0

[Event "IIFL Wealth  4th Mumbai Junior U-13"]
[Site "Mumbai"]
[Date "2019.01.02"]
[Round "4"]
[White "Manusha, D M Nipun"]
[Black "Saukhya Savant"]
[Result "0-1"]
[ECO "C10"]
[WhiteElo "1214"]
[BlackElo "1122"]
[Annotator "NA"]
[PlyCount "118"]
[EventDate "2018.12.30"]
[EventType "swiss"]
[EventCountry "IND"]
[SourceTitle "playchess.com"]
[Source "ChessBase"]
[SourceQuality "1"]
[TimeControl "40/5400+30:1800+30"]

1. e4 e6 2. d4 d5 3. Nc3 dxe4 4. Nxe4 Nd7 5. Nf3 Ngf6 6. Ng3 b6 7. Bd3 Bb7 8. O-O c5 9. c3 h6 10. Re1 Bd6 11. Ne4 Bc7 12. Nxf6+ Qxf6 13. Be4 Rb8 14. d5 e5 15. c4 O-O 16. b3 Qd6 17. Bb2 f5 18. Bc2 e4 19. Nd2 Qxh2+ 20. Kf1 Qh1+ 21. Ke2 Qh5+ 22. Kf1 Qxd1 23. Raxd1 Nf6 24. f3 exf3 25. gxf3 g6 26. Kf2 Rbe8 27. Bxf6 Rxe1 28. Rxe1 Rxf6 29. Re7 Rf7 30. Re6 Kg7 31. d6 Rd7 32. Re7+ Rxe7 33. dxe7 Kf7 34. e8=Q+ Kxe8 35. Kg2 Kf7 36. Kh3 Bf4 37. Nb1 Bxf3 38. Nc3 Kf6 39. Bd1 Bxd1 40. Nxd1 Kg5 41. Nf2 h5 42. Kg2 Be3 43. a3 Bxf2 44. Kxf2 h4 45. b4 Kf4 46. bxc5 bxc5 47. a4 h3 48. a5 g5 49. a6 g4 50. Kg1 Ke4 51. Kf2 h2 52. Kg2 g3 53. Kh1 Kd4 54. Kg2 Kxc4 55. Kh1 Kb4 56. Kg2 c4 57. Kh1 c3 58. Kg2 c2 59. Kh1 c1=Q+ 0-1

[Event "IIFL Wealth  4th Mumbai Junior U-13"]
[Site "Mumbai"]
[Date "2019.01.02"]
[Round "4"]
[White "Vasudeva Varun"]
[Black "Kapadia Prisha"]
[Result "1/2-1/2"]
[ECO "B43"]
[WhiteElo "1209"]
[BlackElo "1037"]
[Annotator "NA"]
[PlyCount "65"]
[EventDate "2018.12.30"]
[EventType "swiss"]
[EventCountry "IND"]
[SourceTitle "playchess.com"]
[Source "ChessBase"]
[SourceQuality "1"]
[TimeControl "40/5400+30:1800+30"]

1. e4 c5 2. Nf3 e6 3. d4 cxd4 4. Nxd4 a6 5. Nc3 Qc7 6. Be3 Nf6 7. f3 Be7 8. Bd3 O-O 9. Qd2 Nc6 10. Nb3 b5 11. Qf2 d6 12. g4 Bb7 13. h4 Ne5 14. h5 Rfe8 15. g5 Nfd7 16. Qg3 d5 17. Qg2 Nxd3+ 18. cxd3 Ne5 19. Rd1 Bb4 20. Bd4 Rad8 21. a3 Bxc3+ 22. bxc3 dxe4 23. fxe4 Nc6 24. g6 Nxd4 25. gxh7+ Kxh7 26. cxd4 Qc3+ 27. Nd2 Qxd4 28. Nb3 Qc3+ 29. Nd2 Qd4 30. Nb3 Qc3+ 31. Nd2 Qd4 32. Nb3 Qc3+ 33. Nd2 1/2-1/2